Map: 2000 Atmospheres LE

Players

Algernon

  • Race: Terran Terran
  • League: Diamond

TerranYOUup - Winner!

  • Race: Terran Terran
  • League: Diamond

VOD

Have the link to the VOD?

Description

Time

  • Played on: July 9, 2021, 2:21 p.m.
  • Length: 38:15
Show
View Real Time Build Order
Export as new Build Order

Algernon Terran 

Build Orders:  

Get SALT Encoding   

  12  0:00  SCV  
  13  0:12  SCV  
  14  0:17  Supply Depot  
  14  0:24  SCV  
  15  0:39  SCV  
  15  0:40  Barracks  
  16  0:51  SCV  
  17  1:20  SCV  
  18  1:31  Marine  
  19  1:32  Orbital Command  
  19  1:48  Marine  
  19  1:53  Command Center  
  20  1:56  Refinery  
  20  1:59  SCV  
  21  2:02  Refinery  
  21  2:12  Marine  
  22  2:18  Engineering Bay, SCV  
  22  2:30  SCV  
  22  2:32  Bunker  
  23  2:46  Factory  
  23  3:04  Marine, SCV  
  26  3:05  SCV  
  26  3:16  SCV  
  26  3:18  SCV  
  28  3:28  Command Center  
  28  3:30  SCV  
  29  3:41  SCV  
  30  3:42  Starport  
  30  3:50  Marine  
  30  3:51  SCV  
  30  3:55  SCV  
  33  3:56  Factory Tech Lab  
  33  4:02  Missile Turret  
  33  4:05  SCV  
  33  4:08  Missile Turret  
  35  4:13  Planetary Fortress  
  34  4:18  SCV  
  35  4:27  Corvid Reactor  
  35  4:30  Missile Turret, SCV  
  36  4:38  Missile Turret  
  36  4:39  Missile Turret  
  36  4:42  SCV  
  36  4:44  Missile Turret  
  37  4:50  SCV  
  37  4:54  SCV  
  37  4:55  Missile Turret  
  38  5:04  Bunker  
  38  5:07  SCV  
  38  5:08  SCV  
  40  5:15  Refinery  
  40  5:18  Hi-Sec Auto Tracking  
  40  5:19  Refinery  
  40  5:20  SCV  
  40  5:21  Raven  
  43  5:22  SCV  
  44  5:34  Planetary Fortress  
  44  5:38  Missile Turret  
  44  5:39  SCV  
  44  5:40  SCV  
  44  5:41  Missile Turret  
  46  5:52  SCV x2, Starport  
  46  5:54  Factory Tech Lab  
  48  6:04  SCV x2  
  48  6:05  Armory  
  50  6:12  SCV  
  50  6:13  Supply Depot  
  50  6:16  SCV  
  50  6:18  Refinery, SCV  
  52  6:20  Refinery  
  53  6:29  Starport Tech Lab  
  53  6:34  Raven  
  53  6:35  Widow Mine, SCV x3  
  53  6:37  Supply Depot  
  60  6:47  SCV  
  60  6:54  Drilling Claws  
  61  6:58  SCV x2  
  61  6:59  SCV  
  64  7:04  Raven  
  64  7:08  Widow Mine, Supply Depot  
  68  7:09  Command Center  
  68  7:11  SCV  
  69  7:17  Supply Depot  
  69  7:24  Missile Turret  
  69  7:30  SCV x3, Starport  
  69  7:34  Widow Mine  
  74  7:37  Factory  
  74  7:42  Raven, SCV x3  
  79  7:54  SCV x3  
  79  7:55  Sensor Tower  
  82  8:06  SCV x3  
  82  8:08  Starport Tech Lab  
  82  8:11  Neosteel Armor, Command Center  
  85  8:16  Terran Vehicle And Ship Armor Level 1  
  85  8:17  Supply Depot  
  85  8:18  Supply Depot  
  85  8:20  Raven, SCV x2  
  85  8:21  Widow Mine, Factory Reactor  
  85  8:22  SCV  
  85  8:25  Raven  
  94  8:29  Raven  
  94  8:33  SCV x2  
  98  8:39  SCV  
  98  8:43  Widow Mine  
  98  8:45  SCV  
  98  8:46  Missile Turret, Planetary Fortress  
  98  8:48  Missile Turret  
  101  8:50  SCV  
  101  8:51  SCV  
  101  8:52  Refinery  
  101  8:53  Refinery  
  101  8:55  Supply Depot  
  103  9:05  SCV x3  
  103  9:08  Raven  
  108  9:17  Missile Turret, SCV  
  108  9:19  SCV x2  
  108  9:20  Sensor Tower  
  108  9:24  Missile Turret  
  111  9:26  Widow Mine x3  
  111  9:29  Armory, SCV  
  118  9:32  Supply Depot  
  118  9:35  Armory  
  118  9:38  Fusion Core  
  118  9:44  Raven x2  
  122  9:46  Missile Turret  
  122  9:47  Orbital Command, Widow Mine x2  
  122  9:48  Command Center  
  126  10:00  SCV x4  
  126  10:06  Raven  
  132  10:09  Missile Turret  
  132  10:19  Starport  
  132  10:23  Factory  
  132  10:27  Raven  
  134  10:41  Command Center  
  134  10:43  Missile Turret  
  134  10:44  Missile Turret  
  134  10:45  Raven, Missile Turret  
  134  10:47  Missile Turret  
  134  10:48  Missile Turret  
  136  10:54  Terran Ship Weapons Level 1, Terran Vehicle And Ship Armor Level 2, Terran Vehicle Weapons Level 1  
  136  10:55  Raven  
  136  10:56  Starport Tech Lab  
  138  11:00  Command Center  
  138  11:02  Missile Turret  
  136  11:07  Missile Turret  
  136  11:10  Raven  
  135  11:19  Missile Turret  
  135  11:22  Missile Turret  
  135  11:24  Missile Turret  
  116  11:38  Raven x2  
  118  11:53  Planetary Fortress  
  118  11:55  Refinery  
  117  12:01  Raven x2  
  117  12:02  Factory Reactor  
  117  12:05  Factory  
  121  12:08  Infernal Pre-Igniter  
  121  12:15  Planetary Fortress  
  121  12:17  Refinery  
  120  12:37  Missile Turret, Refinery  
  120  12:46  Hellion x5  
  130  12:59  Orbital Command  
  130  13:00  Command Center  
  130  13:02  Missile Turret  
  130  13:04  Missile Turret x2  
  130  13:07  Hellion, Missile Turret  
  130  13:08  Hellion x3  
  138  13:13  Hellion x2  
  140  13:26  Sensor Tower  
  140  13:29  Hellion x4  
  148  13:35  Hellion x2  
  152  13:42  Raven x2  
  152  13:43  Raven x2  
  152  13:45  Terran Ship Weapons Level 2  
  158  13:50  Terran Vehicle Weapons Level 2  
  158  13:52  Missile Turret  
  136  14:17  Command Center  
  136  14:21  Command Center  
  107  15:01  Battlecruiser  
  107  15:02  Battlecruiser x2  
  107  15:06  Hellion  
  131  15:07  Hellion x2  
  131  15:19  SCV x5  
  136  15:25  Planetary Fortress  
  136  15:30  SCV  
  136  15:31  SCV x2  
  140  15:36  Orbital Command  
  137  16:01  Battlecruiser  
  137  16:14  Command Center  
  135  16:20  Battlecruiser  
  135  16:21  Battlecruiser  
  146  16:35  Weapon Refit  
  146  16:37  Terran Ship Weapons Level 3, Terran Vehicle Weapons Level 3  
  146  16:38  Terran Vehicle And Ship Armor Level 3  
  150  16:54  Battlecruiser  
  139  17:22  Widow Mine x2, Hellion  
  143  17:23  Widow Mine x3  
  115  18:05  Battlecruiser x2  
  127  18:08  Planetary Fortress  
  108  18:30  Hellion x3  
  114  18:35  SCV x2  
  114  18:40  SCV x2  
  116  19:20  Refinery  
  116  19:26  Factory Reactor  
  116  19:33  Refinery  
  116  19:37  Battlecruiser x2  
  118  19:53  Command Center  
  112  20:18  Battlecruiser x2  
  124  20:47  Hellion x3  
  124  20:48  Hellion  
  124  20:49  Battlecruiser  
  138  21:03  Widow Mine x2  
  138  21:04  Widow Mine  
  122  21:13  Planetary Fortress  
  120  21:45  Battlecruiser x3  
  138  21:51  Refinery  
  138  21:53  Battlecruiser  
  144  21:57  Widow Mine x5  
  154  22:15  Widow Mine x2  
  158  22:18  Widow Mine  
  160  22:43  Command Center  
  138  23:10  Battlecruiser x2  
  142  23:31  Widow Mine  
  142  23:32  Widow Mine x4  
  116  24:29  Widow Mine x4  
  116  24:30  Widow Mine  
  126  24:54  Battlecruiser  
  126  24:58  Refinery  
  118  25:27  Hellion x5  
  118  25:28  Hellion x2  
  126  25:48  Hellion  
  126  25:49  Hellion x3  
  134  25:50  Refinery  
  128  26:13  Hellion x4  
  128  26:14  Hellion x3  
  81  27:18  Hellion x2  
  81  27:19  Hellion x5  
  81  27:32  Banshee x4  
  93  27:39  Hellion  
  93  27:40  Hellion x2  
  96  27:55  Hellion x4  
  89  28:15  Banshee x2  
  95  28:20  Hellion x2  
  99  28:31  Orbital Command  
  91  28:49  Hellion  
  91  28:50  Hellion x3  
  99  28:56  Refinery  
  99  29:06  Refinery  
  99  29:42  Command Center  
  99  29:45  Orbital Command  
  89  30:14  Cloaking Field  
  89  30:26  Command Center  
  75  31:02  Widow Mine x3  
  77  31:35  Liberator x2  
  67  32:02  Viking  
  49  33:27  Hellion x2  
  45  33:49  Hellion x4  
  29  35:58  Orbital Command  
Show
View Real Time Build Order
Export as new Build Order

TerranYOUup Terran - Winner!

Build Orders: Command Center First (CC), Mech 

Get SALT Encoding   

  12  0:01  SCV  
  13  0:13  SCV  
  14  0:20  Supply Depot  
  14  0:25  SCV  
  15  0:42  SCV  
  16  0:54  SCV  
  17  1:04  Command Center  
  17  1:06  SCV  
  18  1:20  Barracks  
  18  1:22  SCV  
  19  1:29  Refinery  
  19  1:34  SCV  
  20  1:42  Refinery  
  20  1:46  SCV  
  21  1:58  SCV  
  22  2:09  Barracks Tech Lab  
  22  2:22  Orbital Command  
  21  2:25  Orbital Command  
  21  2:30  Marauder  
  23  2:39  Factory  
  23  2:48  SCV  
  24  3:06  SCV x2  
  26  3:14  Command Center  
  26  3:19  Barracks Reactor  
  26  3:23  Starport  
  26  3:26  SCV x2  
  28  3:31  Siege Tank  
  31  3:35  Supply Depot  
  31  3:38  SCV x2  
  33  3:43  Refinery  
  33  3:50  SCV x2  
  33  3:54  Engineering Bay  
  35  4:02  SCV x2  
  37  4:08  Viking x2  
  41  4:15  SCV x2  
  43  4:24  Engineering Bay  
  43  4:27  SCV x2  
  43  4:28  Siege Tank  
  43  4:29  Refinery  
  48  4:32  Orbital Command  
  48  4:42  Viking  
  48  4:43  Viking  
  52  4:47  SCV x2  
  54  4:59  SCV x2  
  56  5:00  Siege Tank  
  56  5:05  Supply Depot  
  59  5:07  Supply Depot  
  59  5:08  Marine, Orbital Command  
  60  5:15  Missile Turret  
  60  5:17  Missile Turret  
  60  5:19  Missile Turret  
  60  5:29  Missile Turret  
  60  5:32  Missile Turret  
  60  5:35  SCV x3  
  63  5:36  Siege Tank  
  63  5:39  Viking x2  
  70  5:46  Armory  
  70  5:47  Armory  
  70  5:49  Missile Turret  
  70  5:59  Marine  
  70  6:00  SCV  
  70  6:01  SCV x2  
  74  6:04  Supply Depot  
  74  6:06  Supply Depot  
  74  6:10  Siege Tank, Missile Turret  
  77  6:20  Missile Turret  
  77  6:26  Marine, Viking  
  77  6:27  Viking  
  77  6:28  SCV x2  
  84  6:46  Siege Tank  
  87  6:47  Orbital Command  
  87  6:54  Factory x2  
  87  6:56  Viking  
  87  6:57  Viking  
  87  6:58  SCV x2, Factory  
  93  7:19  SCV x3  
  96  7:26  Refinery  
  96  7:27  Command Center  
  96  7:29  Sensor Tower  
  96  7:30  Missile Turret  
  96  7:31  Missile Turret, Refinery, SCV x3  
  96  7:36  Viking  
  101  7:40  Factory Tech Lab, Factory Reactor  
  101  7:44  Terran Vehicle And Ship Armor Level 1, Terran Vehicle Weapons Level 1  
  101  7:58  Supply Depot x2  
  101  8:01  Supply Depot  
  101  8:07  Factory Reactor  
  101  8:19  Viking  
  107  8:20  Siege Tank x2, Hellion x2  
  107  8:24  Supply Depot  
  107  8:25  SCV x3, Supply Depot  
  116  8:28  Supply Depot  
  116  8:37  SCV  
  117  8:47  Hellion x3  
  117  8:48  Hellion  
  125  8:52  Siege Tank x2  
  131  8:55  Viking x2, Factory  
  131  8:56  Factory x2  
  135  9:08  Hellion  
  135  9:09  Hellion x3  
  143  9:14  SCV x3  
  146  9:18  Planetary Fortress  
  146  9:24  Infernal Pre-Igniter, Siege Tank  
  146  9:29  Siege Tank  
  146  9:30  Hellion x2  
  146  9:31  Hellion x2  
  160  9:35  Supply Depot  
  160  9:36  Supply Depot  
  160  9:37  Supply Depot  
  160  9:40  SCV x3  
  163  9:46  Command Center  
  163  9:52  SCV  
  164  9:57  SCV  
  165  10:01  Siege Tank x2  
  165  10:02  Factory Tech Lab  
  165  10:05  Factory Tech Lab, Factory Reactor  
  171  10:07  Hellion x2  
  171  10:08  Hellion x2  
  171  10:09  Viking x2  
  171  10:11  Terran Vehicle Weapons Level 2  
  183  10:18  Terran Vehicle And Ship Armor Level 2, Refinery  
  183  10:19  SCV x4  
  183  10:20  Refinery  
  187  10:38  Supply Depot x2  
  187  10:48  Missile Turret  
  187  10:54  Siege Tank  
  188  10:58  Siege Tank, Hellion x4  
  197  11:06  Siege Tank  
  197  11:07  Orbital Command  
  134  11:30  Thor x3  
  142  11:33  Hellion x5  
  142  11:34  Hellion, Viking  
  142  11:35  Viking  
  142  11:38  Thor  
  160  11:51  Missile Turret  
  160  11:52  Missile Turret  
  154  11:55  Missile Turret  
  154  11:56  Missile Turret  
  150  12:17  Hellion x2  
  150  12:18  Hellion x4  
  150  12:19  Thor x2  
  174  12:23  SCV x3  
  174  12:26  Missile Turret  
  174  12:27  Missile Turret  
  174  12:28  Missile Turret  
  177  12:30  Missile Turret  
  177  12:31  Missile Turret  
  177  12:33  Missile Turret  
  177  12:41  Missile Turret  
  177  12:42  Missile Turret x2  
  173  12:47  Missile Turret  
  172  12:52  Missile Turret  
  172  12:53  Thor  
  172  12:56  Thor  
  183  13:01  Thor  
  183  13:05  Missile Turret  
  189  13:25  Command Center  
  189  13:29  Missile Turret  
  189  13:33  Missile Turret  
  186  13:53  Factory Reactor  
  182  14:12  Missile Turret  
  182  14:15  Missile Turret  
  182  14:18  Viking x2  
  182  14:19  Thor x2  
  182  14:20  Missile Turret  
  194  14:40  Thor  
  146  15:01  Thor  
  146  15:02  Thor x2  
  146  15:04  Hellion x4  
  146  15:05  Hellion x2  
  170  15:12  Command Center  
  170  15:13  Planetary Fortress  
  164  15:17  SCV x3  
  167  15:23  Thor  
  167  15:25  Missile Turret  
  167  15:26  Missile Turret  
  173  15:29  Missile Turret, SCV x4  
  177  15:41  Hellion x4, Refinery  
  189  15:44  Thor  
  189  15:46  Refinery  
  187  16:07  Missile Turret  
  187  16:10  Missile Turret  
  186  16:12  Missile Turret  
  184  16:20  Viking  
  184  16:21  Thor x2, Viking  
  198  16:53  Viking  
  199  16:56  Hellion x2, Missile Turret x2  
  192  17:03  Terran Vehicle And Ship Armor Level 3, Terran Vehicle Weapons Level 3  
  175  17:19  Viking  
  175  17:20  Thor x2  
  175  17:21  Thor x2  
  199  17:22  Hellion  
  199  17:25  Hellion x2  
  199  17:26  Hellion x3  
  199  17:50  SCV x4  
  199  17:51  SCV  
  200  17:56  Missile Turret  
  196  18:11  SCV x3  
  196  18:12  SCV  
  200  18:23  Command Center  
  154  18:54  Command Center  
  154  18:56  Missile Turret  
  154  18:57  Missile Turret  
  154  18:58  Missile Turret  
  154  18:59  Missile Turret  
  154  19:02  Command Center  
  152  19:16  Thor x3  
  152  19:17  Thor  
  161  19:18  Hellion x6  
  177  19:54  Command Center  
  177  19:56  Missile Turret  
  177  19:58  Missile Turret  
  173  20:14  Thor x4, Viking x2  
  159  20:16  Hellion x5  
  159  20:17  Hellion  
  189  20:27  Missile Turret  
  189  20:28  Neosteel Armor, Missile Turret  
  189  20:31  Terran Ship Weapons Level 1  
  189  20:33  SCV x3  
  193  20:37  Planetary Fortress  
  193  20:40  Refinery  
  193  20:42  Refinery  
  192  20:43  Planetary Fortress  
  192  20:47  Unknown  
  191  20:51  Missile Turret  
  191  20:52  Missile Turret x2  
  183  21:32  SCV x3  
  185  21:57  Factory Reactor  
  185  21:59  Viking  
  185  22:00  Viking  
  189  22:03  Starport  
  189  22:05  Starport x2  
  187  22:08  Hi-Sec Auto Tracking  
  187  22:10  SCV x2  
  187  22:12  Missile Turret x2  
  180  22:23  SCV x4  
  174  22:47  Thor x3, Factory Tech Lab  
  186  22:52  Hellion x4  
  186  22:55  Factory  
  188  22:59  Factory  
  188  23:15  Widow Mine x3  
  188  23:16  Widow Mine  
  196  23:22  Starport Reactor x2  
  196  23:24  Starport Reactor  
  196  23:25  Viking  
  196  23:26  Viking  
  200  23:29  Thor  
  161  24:12  Viking x6  
  173  24:22  Viking  
  173  24:23  Viking  
  173  24:38  Thor  
  173  24:43  Thor  
  169  24:50  Viking x2  
  173  24:54  Viking x3  
  173  25:06  Viking  
  173  25:16  Factory Tech Lab  
  173  25:40  Viking  
  173  25:41  Viking  
  173  25:42  Viking  
  173  25:47  Viking  
  170  25:55  Thor  
  168  26:06  Thor  
  168  26:10  SCV  
  173  26:12  SCV x2  
  169  26:21  Thor  
  173  26:33  Viking  
  173  26:36  Supply Depot  
  173  26:38  Supply Depot  
  172  26:46  Viking  
  172  26:48  Thor  
  172  26:55  Viking  
  172  26:57  Viking x4  
  172  26:58  Viking  
  172  26:59  Thor  
  179  27:04  Thor  
  175  27:09  Siege Tank  
  174  27:25  Viking x2  
  170  27:31  Siege Tank  
  173  27:42  Siege Tank, Thor  
  174  27:47  Thor  
  180  28:03  Thor  
  174  28:19  Supply Depot  
  174  28:40  Thor  
  180  28:51  Thor  
  148  29:20  Raven  
  144  30:03  Raven  
  146  30:28  SCV  
  140  31:17  Raven  
  123  32:13  Viking  
  123  32:14  Viking x2  
Tags
 
Add a new tag
Caveats
  • Supply blocks, unpowered buildings, or Contaminate may cause inaccurate times.
  • Supply counts are checked every 10 seconds.